 Dungeon Crawl Stone Soup version 0.22-a0-283-g1871b15 (webtiles) character file.

9242 Amnesiac the Zephyrmancer (level 11, -13/64 HPs)
             Began as a Tengu Air Elementalist on Mar 19, 2018.
             Was an Elder of Sif Muna.
             Mangled by Snorg (20 damage)
             ... on level 10 of the Dungeon.
             The game lasted 00:15:58 (12542 turns).

Amnesiac the Zephyrmancer (Tengu Air Elementalist) Turns: 12542, Time: 00:15:59

Health: -13/64     AC:  8    Str:  6    XL:     11   Next: 43%
Magic:  0/28       EV: 16    Int: 20    God:    Sif Muna [****..]
Gold:   621        SH:  0    Dex: 19    Spells: 18/35 levels left

rFire    + + .     SeeInvis .   f - +4 dagger
rCold    . . .     Gourm    +   (no shield)
rNeg     . . .     Faith    .   y - +2 leather armour {rF+}
rPois    .         Spirit   .   (helmet restricted)
rElec    .         Reflect  .   A - +2 cloak
rCorr    .         Harm     .   (no gloves)
MR       +....                  (boots unavailable)
Stlth    ++........             a - amulet of the gourmand
HPRegen  0.20/turn              n - +5 ring of dexterity
MPRegen  0.21/turn              t - ring of protection from magic

@: no casting
A: beak, talons 3, blurry vision 1, fire resistance 1, weak 1, able to fly 1
a: Fly, Stop Divine Energy, Channel Magic, Forget Spell, Renounce Religion


You were on level 10 of the Dungeon.
You worshipped Sif Muna.
Sif Muna was greatly pleased with you.
You were completely stuffed.

You visited 1 branch of the dungeon, and saw 10 of its levels.
You also visited: Sewer.

You collected 621 gold pieces.

Inventory:

Hand Weapons
 f - a +4 dagger (weapon)
Armour
 y - a +2 leather armour of fire resistance (worn)
 A - a +2 cloak (worn)
Magical Staves
 d - an uncursed staff of conjuration
Jewellery
 a - an amulet of the gourmand (around neck)
 n - a +5 ring of dexterity (left hand)
 t - a ring of protection from magic (right hand)
Wands
 k - a wand of digging (19)
 m - a wand of flame (24)
 B - a wand of disintegration (8)
 D - a wand of polymorph (9)
 F - a wand of iceblast (3)
Scrolls
 e - 6 scrolls of identify {!r}
 g - a scroll of blinking {!r, unknown}
 h - a scroll of magic mapping {!r, unknown}
 j - 3 scrolls of enchant armour {!r, unknown}
 l - 4 scrolls of enchant weapon {!r, unknown}
 p - a scroll of fear {!r, unknown}
 q - 8 scrolls of teleportation {!r, unknown}
 u - a scroll of amnesia {!r, unknown}
 v - a scroll of silence {!r, unknown}
 w - 2 scrolls of immolation {!r, unknown}
Potions
 b - 2 potions of mutation {!q}
 i - a potion of might {!q, unknown}
 o - a potion of ambrosia {!q, unknown}
 r - a potion of cancellation {!q}
 s - a potion of degeneration {!q, unknown}
 x - 2 potions of heal wounds {!q}
 z - 2 potions of flight {!q, unknown}
 C - a potion of curing {!q}
Comestibles
 c - 13 rations


   Skills:
 * Level 5.9 Fighting
 * Level 7.0 Dodging
 - Level 2.0 Stealth
 - Level 12.5 Spellcasting
 - Level 1.3 Conjurations
 - Level 12.5 Air Magic


You had 18 spell levels left.
You knew the following spells:

 Your Spells              Type           Power        Failure   Level  Hunger
a - Airstrike             Air            ######....   1%          4    None
b - Static Discharge      Conj/Air       #####...     1%          3    None
c - Lightning Bolt        Conj/Air       #####.....   13%         5    ####...
d - Shock                 Conj/Air       ####         1%          1    None
e - Apportation           Tloc           ##....       9%          1    None
f - Swiftness             Chrm/Air       #####...     1%          2    None
g - Summon Butterflies    Summ           ##......     9%          1    None


Dungeon Overview and Level Annotations

Branches:
Dungeon (10/15)            Temple (0/1) D:5
   Lair: D:8-11         Orc: D:9-12

Altars:
Cheibriados
Dithmenos
Fedhas
Gozag
Kikubaaqudgha
Makhleb
Nemelex Xobeh
Okawaru
Qazlal
Ru
Sif Muna
Trog
Uskayaw
Vehumet
Wu Jian
Zin
The Shining One

Shops:
D:9 %

Annotations:
D:10 Snorg


Innate Abilities, Weirdness & Mutations

You have a beak for a mouth.
You have claws for feet.
You can fly.
Scrolls take you a little longer to read.
Your flesh is heat resistant. (rF+)
You are weak. (Str -2)


Message History

Aim: Snorg (heavily wounded)
The air twists around and strikes Snorg!
Snorg is severely wounded.
Casting: Airstrike (safe; 1% risk of failure)
Confirm with . or Enter, or press ? or * to list all spells.
Aiming: Airstrike (safe; 1% risk of failure)
Press: ? - help, Dir - move target cursor, f/p - Snorg
Aim: Snorg (severely wounded)
The air twists around and strikes Snorg!
Snorg is severely wounded.
Snorg barely misses you. Snorg misses you. Snorg barely misses you.
Casting: Airstrike (safe; 1% risk of failure)
Confirm with . or Enter, or press ? or * to list all spells.
Aiming: Airstrike (safe; 1% risk of failure)
Press: ? - help, Dir - move target cursor, f/p - Snorg
Aim: Snorg (severely wounded)
The air twists around and strikes Snorg!
Snorg is almost dead.
Sif Muna grants you divine energy.
You briefly lose access to your magic!
Snorg bites you but does no damage. Snorg claws you but does no damage.
Snorg barely misses you.
You are unable to access your magic!
You are unable to access your magic!
You are unable to access your magic!
Snorg goes berserk!
You are unable to access your magic!
You are unable to access your magic!
You are unable to access your magic!
You are unable to access your magic!
You are unable to access your magic!
You regain access to your magic.
Snorg bites you! Snorg misses you. Snorg claws you!
Casting: Airstrike (safe; 1% risk of failure)
Confirm with . or Enter, or press ? or * to list all spells.
Aiming: Airstrike (safe; 1% risk of failure)
Press: ? - help, Dir - move target cursor, f/p - Snorg
Aim: Snorg (almost dead, berserk, fast, unusually strong)
The air twists around and strikes Snorg!
Snorg is almost dead.
Sif Muna grants you divine energy.
You briefly lose access to your magic!
Snorg completely misses you. Snorg barely misses you. Snorg claws you.
Snorg misses you. Snorg barely misses you. Snorg claws you!
* * * LOW HITPOINT WARNING * * *
You are unable to access your magic!
Snorg bites you!
* * * LOW HITPOINT WARNING * * *
Snorg closely misses you. x2
You are unable to access your magic!
You are unable to access your magic!
Okay, then.
Snorg misses you. Snorg barely misses you. Snorg misses you.
You regain access to your magic.
Casting: Airstrike (safe; 1% risk of failure)
Confirm with . or Enter, or press ? or * to list all spells.
Aiming: Airstrike (safe; 1% risk of failure)
Press: ? - help, Dir - move target cursor, f/p - Snorg
Aim: Snorg (almost dead, berserk, fast, unusually strong)
The air twists around and strikes Snorg!
Snorg is almost dead.
Sif Muna grants you divine energy.
You briefly lose access to your magic!
Snorg misses you. x2
Snorg barely misses you. Snorg bites you!!
You die...

#.# #.#
#######.#
........#
........#
........#
........#
.......T#
.......@#
........#
........#
........#
######..#
#..# #..#
#..#


You could see Snorg (berserk).

Vanquished Creatures
  2 two-headed ogres
  Maurice (D:8)
  Joseph (D:7)
  The ghost of Amnesiac the Zephyrmancer, a novice TeAE of Sif Muna (D:6)
  2 trolls
  2 hippogriffs
  A wyvern (D:9)
  Grum (D:8)
  A hungry ghost (D:9)
  2 ice beasts
  4 orc warriors
  3 sky beasts
  A black bear (D:6)
  3 wolves
  4 ogres
  3 centaurs
  6 bullfrogs
  3 scorpions
  3 wights (D:7)
  8 killer bees (D:8)
  A howler monkey (D:9)
  2 electric eels (D:4)
  4 crimson imps
  A centaur zombie (D:9)
  7 hounds
  4 jellies
  A bullfrog skeleton (D:8)
  4 centaur skeletons
  8 orc priests
  2 iguanas
  8 orc wizards
  4 worker ants
  A killer bee zombie (D:5)
  2 hound zombies
  2 hound skeletons
  A worker ant zombie (D:6)
  A howler monkey zombie (D:7)
  4 gnolls (D:4)
  21 adders
  2 river rats (D:5)
  7 oozes
  2 worms (D:2)
  2 dart slugs
  13 leopard geckos
  28 orcs
  6 bats
  18 giant cockroaches
  13 goblins
  5 hobgoblins
  15 jackals
  4 quokkas
  9 ball pythons
  14 frilled lizards
  3 kobolds
  A leopard gecko skeleton (D:4)
  7 rats
279 creatures vanquished.

Notes
Turn   | Place    | Note
-------+----------+-------------------------------------------
     0 | D:1      | Amnesiac the Tengu Air Elementalist began the quest for the Orb.
     0 | D:1      | Reached XP level 1. HP: 10/10 MP: 4/4
   177 | D:1      | Reached XP level 2. HP: 15/15 MP: 0/6
   756 | D:1      | Reached skill level 5 in Air Magic
   852 | D:1      | Reached XP level 3. HP: 19/19 MP: 2/7
   910 | D:1      | Learned a level 3 spell: Static Discharge
  1529 | D:2      | Reached XP level 4. HP: 6/24 MP: 4/9
  1536 | D:2      | Found a glowing golden altar of the Shining One.
  1809 | D:2      | Learned a level 4 spell: Airstrike
  1916 | D:2      | Found a burning altar of Makhleb.
  1916 | D:2      | Found a deep blue altar of Sif Muna.
  1957 | D:2      | Became a worshipper of Sif Muna the Loreminder
  2235 | D:3      | Gained mutation: You can fly. [Tengu growth]
  2235 | D:3      | Reached XP level 5. HP: 25/28 MP: 0/10
  2360 | D:3      | Found a stormy altar of Qazlal.
  2689 | D:3      | Found an iron altar of Okawaru.
  3246 | D:4      | Found a transporter.
  3249 | D:4      | Reached XP level 6. HP: 32/32 MP: 8/12
  3256 | D:4      | Found a sparkling altar of Nemelex Xobeh.
  3326 | D:4      | Found a transporter.
  3645 | D:4      | Gained mutation: You are weak. (Str -2) [potion of mutation]
  3645 | D:4      | Gained mutation: Scrolls take you a little longer to read. [potion of mutation]
  3645 | D:4      | Gained mutation: Your flesh is heat resistant. (rF+) [potion of mutation]
  3784 | D:4      | Reached XP level 7. HP: 22/36 MP: 0/14
  3899 | D:4      | Reached * piety under Sif Muna
  3923 | D:4      | Found a stormy altar of Qazlal.
  3925 | D:4      | Noticed a water elemental
  3926 | D:4      | Noticed a fire elemental
  3926 | D:4      | Noticed an air elemental
  3975 | D:4      | Reached skill level 5 in Spellcasting
  4612 | D:5      | Entered Level 5 of the Dungeon
  4615 | D:5      | Reached XP level 8. HP: 25/41 MP: 8/18
  4684 | D:5      | Found a glowing drain.
  4744 | D:5      | Found a staircase to the Ecumenical Temple.
  4867 | D:5      | Found a hide-covered altar of Uskayaw.
  5035 | Sewer    | Entered a sewer
  5109 | Sewer    | Reached ** piety under Sif Muna
  5901 | D:5      | Reached *** piety under Sif Muna
  5901 | D:5      | Reached **** piety under Sif Muna
  5901 | D:5      | Reached ***** piety under Sif Muna
  5901 | D:5      | Received a gift from Sif Muna
  5901 | D:5      | Reached XP level 9. HP: 45/45 MP: 13/25
  5911 | D:5      | Learned a level 5 spell: Lightning Bolt
  6014 | D:5      | Found a glowing silver altar of Zin.
  6398 | D:6      | Noticed Amnesiac's ghost (novice TeAE)
  6720 | D:6      | Killed Amnesiac's ghost
  6832 | D:6      | Reached XP level 10. HP: 44/50 MP: 18/27
  7721 | D:7      | Found a shadowy altar of Dithmenos.
  7896 | D:7      | Found a hide-covered altar of Uskayaw.
  7899 | D:7      | Noticed Joseph
  8051 | D:7      | Reached skill level 1 in Fighting
  8633 | D:7      | Killed Joseph
  8900 | D:7      | Got a faintly humming plate armour
  9117 | D:7      | Found a sacrificial altar of Ru.
  9195 | D:8      | Noticed Grum
  9200 | D:8      | Killed Grum
  9780 | D:8      | Noticed Maurice
  9786 | D:8      | Killed Maurice
  9806 | D:8      | Identified the +10 plate armour of Demons {rN+ Stlth+} (You found it on level 7 of the Dungeon)
 10262 | D:8      | Found a snail-covered altar of Cheibriados.
 10268 | D:8      | Found an opulent altar of Gozag.
 10269 | D:8      | Found a bloodstained altar of Trog.
 10269 | D:8      | Found an ornate altar of the Wu Jian Council.
 10272 | D:8      | Found a radiant altar of Vehumet.
 10274 | D:8      | Found a glowing silver altar of Zin.
 10889 | D:8      | Reached skill level 5 in Dodging
 11067 | D:8      | Noticed a two-headed ogre
 11072 | D:8      | Killed a two-headed ogre
 11072 | D:8      | Reached XP level 11. HP: 36/62 MP: 7/28
 11638 | D:9      | Found an ancient bone altar of Kikubaaqudgha.
 11639 | D:9      | Found a blossoming altar of Fedhas.
 11703 | D:9      | Reached skill level 5 in Fighting
 12241 | D:9      | Noticed a two-headed ogre
 12244 | D:9      | Killed a two-headed ogre
 12318 | D:9      | Found Niuphad's Food Shop.
 12386 | D:9      | Learned a level 1 spell: Apportation
 12389 | D:9      | Learned a level 2 spell: Swiftness
 12391 | D:9      | Learned a level 1 spell: Summon Butterflies
 12394 | D:10     | Entered Level 10 of the Dungeon
 12441 | D:10     | Noticed Snorg
 12542 | D:10     | Mangled by Snorg

Vault maps used:
D:1:      minmay_arrival_cross
D:2:      lemuel_coloured_pillars_altar, gammafunk_temple_overflow_elements
D:3:      old_standard_altar, nicolae_overflow_crystal_walls
D:4:      gammafunk_steamed_eel, nemelex_xobeh_ov_fountains_minmay,
          first_ration, nicolae_qazlal_style_of_elements
D:5:      kennysheep_mini_moat, minmay_temple_entry_overgrown, basic_altar,
          portal_sewer_entry_b
D:7:      nicolae_ru_the_path_less_chosen, basic_altar,
          grunt_dithmenos_smoke_and_mirrors, uniq_joseph
D:8:      minitemple, uniq_grum, uniq_maurice
D:9:      grunt_temple_overflow_growth_and_decay, serial_shops, kennysheep_mini
D:10:     lair_entry_dummy, serial_shops, shop, uniq_snorg
Sewer:    sewer_frog_island_02

Skill      XL: |  1  2  3  4  5  6  7  8  9 10 11 |
---------------+----------------------------------+-----
Air Magic      | 5 6 7 8 11 12 | 12.5
Spellcasting   | 3 4 6 11 12 | 12.5
Fighting       | 4 5 |  5.9
Dodging        | 5 7 |  7.0
Stealth        | |  2.0
Conjurations   | |  1.3

Action                   |  1- 3 |  4- 6 |  7- 9 | 10-12 || total
-------------------------+-------+-------+-------+-------++-------
Melee: Unarmed           |     2 |       |       |       ||     2
       Dagger            |       |    20 |     5 |     4 ||    29
       Kick              |       |     4 |     1 |     1 ||     6
       Peck              |       |     2 |     2 |       ||     4
       Staff             |       |       |     1 |       ||     1
 Cast: Shock             |    84 |   103 |     6 |       ||   193
       Static Discharge  |       |     8 |       |       ||     8
       Airstrike         |       |       |   125 |   224 ||   349
Invok: Divine Energy     |       |       |     1 |       ||     1
 Abil: Fly               |       |       |       |     1 ||     1
  Use: Potion            |       |     4 |     2 |       ||     6
       Scroll            |       |       |     4 |       ||     4
  Eat: Chunk             |     3 |     5 |    17 |    23 ||    48
       Ration            |       |     1 |     1 |     1 ||     3
Armor: Robe              |     7 |     4 |     5 |     1 ||    17
       Leather armour    |       |       |       |     6 ||     6
Dodge: Dodged            |    14 |    31 |    17 |    42 ||   104

Table legend:
 A = Spawn XP
 B = Non-spawn XP
 C = Spawn XP percentage of total XP
 D = Spawn monster count
 E = Non-spawn monster count
 F = Spawn count percentage of total count
 G = Total turns spent on level
                    A         B        C        D         E        F      G
               +---------+---------+-------+---------+---------+-------+---------
         Total |       0 |   11467 |   0.0 |       0 |     279 |   0.0 | 12542
               +---------+---------+-------+---------+---------+-------+---------
           D:1 |       0 |      43 |   0.0 |       0 |      24 |   0.0 |  1161
           D:2 |       0 |     108 |   0.0 |       0 |      25 |   0.0 |  1090
           D:3 |       0 |     167 |   0.0 |       0 |      20 |   0.0 |   995
           D:4 |       0 |     864 |   0.0 |       0 |      24 |   0.0 |  1366
           D:5 |       0 |     308 |   0.0 |       0 |      21 |   0.0 |   843
           D:6 |       0 |    1246 |   0.0 |       0 |      15 |   0.0 |  1352
           D:7 |       0 |    1674 |   0.0 |       0 |      25 |   0.0 |  1664
           D:8 |       0 |    3526 |   0.0 |       0 |      42 |   0.0 |  1875
           D:9 |       0 |    2803 |   0.0 |       0 |      29 |   0.0 |  1193
          D:10 |       0 |     350 |   0.0 |       0 |       2 |   0.0 |   148
         Sewer |       0 |     378 |   0.0 |       0 |      52 |   0.0 |   855
               +---------+---------+-------+---------+---------+-------+---------
